 Dungeon Crawl Stone Soup version 0.17-a0-2101-g0c122e7 (webtiles) character file.

175 radek the Conjurer (level 5, -1/28 HPs)
             Began as a Deep Elf Conjurer on Oct 18, 2015.
             Killed from afar by an orc wizard (4 damage)
             ... with a puff of flame
             ... on level 4 of the Dungeon.
             The game lasted 00:15:34 (3277 turns).

radek the Conjurer (Deep Elf Conjurer)              Turns: 3277, Time: 00:15:34

Health: -1/28      AC:  2    Str:  6    XL:     5   Next: 29%
Magic:  8/13       EV: 13    Int: 20    God:
Gold:   115        SH:  0    Dex: 15    Spells: 1 memorised, 11 levels left

rFire  + . .     SeeInvis .     n - +1 mace (crush)
rCold  x . .     Clarity  .     a - +0 robe
rNeg   . . .     SustAt   .     (no shield)
rPois  .         Gourm    .     (no helmet)
rElec  .         Spirit   .     (no cloak)
rCorr  .         Warding  .     (no gloves)
rMut   .         Stasis   .     (no boots)
MR     .....                    (no amulet)
Stlth  ++........               (no ring)
                                e - ring of fire (curse)

@: not resistant to hostile enchantments, unstealthy
A: no striking features
a: no special abilities


You were on level 4 of the Dungeon.
You were hungry.

You visited 1 branch of the dungeon, and saw 4 of its levels.

You collected 115 gold pieces.

Inventory:

Hand Weapons
 n - a +1 mace of crushing (weapon)
 r - a +2 dagger of venom
Armour
 a - a +0 robe (worn)
Jewellery
 e - a cursed ring of fire (left hand)
Scrolls
 f - a scroll of enchant weapon {unknown}
 g - 2 scrolls of teleportation {unknown}
 h - 2 scrolls of noise {unknown}
 j - a scroll of blinking {unknown}
 m - a scroll of magic mapping {unknown}
 q - a scroll of fear {unknown}
Potions
 d - 2 potions of might {unknown}
 i - a potion of degeneration {unknown}
 k - a potion of heal wounds {unknown}
 l - a potion of poison {unknown}
 o - a potion of cancellation {unknown}
 p - a potion of curing {unknown}
Books
 b - a book of Conjurations

   Spells                             Type                      Level
   a - Magic Dart                     Conjuration                  1
   b - Searing Ray                    Conjuration                  2
   c - Dazzling Spray                 Conjuration/Hexes            3
   d - Fulminant Prism                Conjuration/Hexes            4
   e - Iskenderun's Mystic Blast      Conjuration                  4
   f - Iskenderun's Battlesphere      Conjuration/Charms           5
Comestibles
 c - 2 bread rations
 s - a royal jelly
 t - a chunk of flesh
 u - a slice of pizza


   Skills:
 - Level 2.4 Dodging
 - Level 2.4 Stealth
 + Level 4.1 Spellcasting
 * Level 6.8 Conjurations


You had 11 spell levels left.
You knew the following spells:

 Your Spells              Type           Power        Failure   Level  Hunger
a - Magic Dart            Conj           ####         1%          1    None


Dungeon Overview and Level Annotations

Branches:
Dungeon (4/15)
 Temple: D:4-7

Altars:
Ashenzari
Fedhas
Xom
Zin

Shops:
D:3 *


Message History

The magic dart hits the orc wizard.
The orc wizard is almost dead.
The orc wizard hits you with a dagger.
You sock the orc wizard!
You kill the orc wizard!
Your Spellcasting skill increases to level 4!
A magic dart appears from out of thin air!
The magic dart hits you!
* * * LOW HITPOINT WARNING * * *
Something tries to affect you, but you resist.
You see here a whip.
There is an open door here.
An orc wizard appears from thin air!
Reactivating autopickup.
The orc wizard points at you and mumbles some strange words.
The magic dart hits you!
* * * LOW HITPOINT WARNING * * *
The orc wizard casts a spell at you. The puff of flame hits you! You resist.
You die...

#.########### #.#
#...........#
#.#########
###########.#
#.##......# #o#
#.##......# #.#
#.##......# ######.#
#.##......#
#.>..o.###.##......#
#.#####....##<.....#
#.#.##.@.......#
#....#.##......#
#.#..#.####.####
#.####.# #.#
#......# #.#
######## #.# ..# ##


You could see an orc wizard.

Vanquished Creatures
  An orc wizard (D:4)
  An orc priest (D:4)
  3 adders
  2 oozes
  2 giant geckos
  9 orcs
  7 bats
  7 giant cockroaches
  4 goblins
  9 hobgoblins
  2 jackals (D:1)
  7 kobolds
  6 giant newts
  9 rats
69 creatures vanquished.

Notes
Turn   | Place    | Note
--------------------------------------------------------------
     0 | D:1      | radek the Deep Elf Conjurer began the quest for the Orb.
     0 | D:1      | Reached XP level 1. HP: 10/10 MP: 6/6
   373 | D:1      | Reached XP level 2. HP: 15/15 MP: 6/8
   652 | D:1      | Reached skill level 5 in Conjurations
   974 | D:2      | Reached XP level 3. HP: 19/19 MP: 4/9
  1640 | D:2      | Found a shattered altar of Ashenzari.
  1747 | D:1      | Reached skill level 6 in Conjurations
  1755 | D:1      | Reached XP level 4. HP: 24/24 MP: 6/11
  1810 | D:3      | Found Zin's Purification Station.
  1810 | D:3      | Found a glowing silver altar of Zin.
  2469 | D:3      | Found a blossoming altar of Fedhas.
  2712 | D:3      | Found a shimmering altar of Xom.
  3222 | D:4      | Reached XP level 5. HP: 17/28 MP: 4/12
  3277 | D:4      | Killed from afar by an orc wizard

Vault maps used:
D:1:      dpeg_arrival_boxorama
D:2:      lemuel_doored_altar
D:3:      nicolae_overflow_hidden_temple, zin_purify, lemuel_crystal_altar,
          roderic_lattice_a
D:4:      old_standard_altar, gammafunk_temple_overflow_wave, first_bread,
          kennysheep_nondescript, okawaru_gym_becter, uniq_menkaure,
          uniq_crazy_yiuf_cottage, uniq_sigmund, uniq_grinder

Action                   |  1- 3 |  4- 6 || total
-------------------------+-------+-------++-------
Melee: Mace              |       |     1 ||     1
 Cast: Magic Dart        |    70 |    74 ||   144
  Eat: Chunk             |     2 |     4 ||     6
